 Dungeon Crawl Stone Soup version 0.24-a0-284-g9fb9971 (webtiles) character file.

Game seed: 13228919106934170855

492370 frenix the Peltast (level 23, -1/250 (256) HPs)
             Began as a Demonspawn Berserker on May 5, 2019.
             Was a High Priest of Trog.
             Splashed by a caustic shrike's acid (4 damage)
             ... while petrified by you
             ... on level 13 of a ziggurat on May 6, 2019.
             The game lasted 09:04:07 (56032 turns).

frenix the Peltast (Demonspawn Berserker)          Turns: 56032, Time: 09:04:08

HP:   -1/250 (256)  AC:  9    Str: 36    XL:     23   Next: 90%
MP:   0/23          EV:  2    Int: 11    God:    Trog [*****.]
Gold: 2241          SH:  0    Dex: 17    Spells: 22/22 levels left

rFire    + + .     SeeInvis +   D - +7 broad axe (freeze)
rCold    + + .     Gourm    .   J - +4 shield {reflect}
rNeg     + + +     Faith    .   Q - +2 plate armour {rF+}
rPois    ∞         Spirit   +   (helmet unavailable)
rElec    +         Reflect  +   y - +1 cloak of the Slorg {+Fly rPois MR++ Regen+}
rCorr    .         Harm     .   g - +2 pair of gloves {Str+3}
MR       +++++                  T - +2 pair of boots
Stlth    ..........             H - amulet "Riupa" {Regen+ Dex+4}
HPRegen  2.31/turn              s - ring of protection from fire
MPRegen  0.36/turn              I - ring "Mejar" {+Fly Str+3 Slay+6}

@: berserking (expiring), petrified, corroded, slightly contaminated,
regenerating, slowed, studying Axes
A: antennae 3, icy blue scales 3, cold resistance 1, frail 1, powered by death
3, electricity resistance, magic shield, magic regeneration, freezing cloud
immunity
}: 2/15 runes: decaying, gossamer
a: Berserk, Trog's Hand, Brothers in Arms, Renounce Religion, Evoke Flight


You were on level 13 of a ziggurat.
You worshipped Trog.
Trog was extremely pleased with you.
You were very hungry.

You visited 8 branches of the dungeon, and saw 40 of its levels.
You visited Pandemonium 1 time, and saw 2 of its levels.
You visited the Abyss 3 times.
You visited 1 ziggurat, and saw 13 of its levels.
You also visited: Gauntlet and Volcano.

You collected 5718 gold pieces.
You spent 3477 gold pieces at shops.

Inventory:

Hand Weapons
 d - the +10 scimitar of Capital Punishment {freeze, rPois MR+ Dex-2}
   (You found it on level 3 of the Elven Halls)

   It has been specially enchanted to freeze those struck by it, causing extra
   injury to most foes and up to half again as much damage against particularly
   susceptible opponents.
   It can also slow down cold-blooded creatures.
   It affects your dexterity (-2).
   It protects you from poison.
   It affects your resistance to hostile enchantments.
 h - a +7 antimagic broad axe
 w - a +6 broad axe of distortion
 D - a +7 broad axe of freezing (weapon)
 K - the +6 whip "Omeruy" {drain, +Fly rF++ Int-3 Dex+4}
   (You found it on level 3 of the Elven Halls)

   A truly terrible weapon, it drains the life of those it strikes.
   It affects your intelligence (-3).
   It affects your dexterity (+4).
   It greatly protects you from fire.
   It lets you fly.
Missiles
 v - 4 throwing nets (quivered)
Armour
 g - a +2 pair of gloves of strength (worn)
 y - the +1 cloak of the Slorg (worn) {+Fly rPois MR++ Regen+}
   (You found it in a Gauntlet)

   It protects you from poison.
   It affects your resistance to hostile enchantments.
   It lets you fly.
   It increases your rate of regeneration.
 A - a +2 plate armour of cold resistance
 J - a +4 shield of reflection (worn)
 Q - a +2 plate armour of fire resistance (worn)
 T - a +2 pair of boots (worn)
Jewellery
 r - an uncursed ring of poison resistance
 s - a ring of protection from fire (left hand)
 t - an uncursed ring of protection from cold
 H - the amulet "Riupa" (around neck) {Regen+ Dex+4}
   (You found it on level 11 of a ziggurat)

   [amulet of regeneration]

   It affects your dexterity (+4).
   It increases your rate of regeneration.
 I - the ring "Mejar" (right hand) {+Fly Str+3 Slay+6}
   (You bought it in a shop on level 1 of the Depths)

   [ring of strength]

   It affects your strength (+3).
   It affects your accuracy and damage with ranged weapons and melee attacks
   (+6).
   It lets you fly.
 X - an uncursed ring of resist corrosion
Scrolls
 a - 12 scrolls of fog
 i - a scroll of magic mapping
 j - a scroll of brand weapon
 k - 9 scrolls of teleportation
 m - a scroll of acquirement
 n - 28 scrolls of identify
 o - 3 scrolls of silence
 C - 18 scrolls of remove curse
 E - a scroll of blinking
 L - 10 scrolls of noise
 M - 3 scrolls of fear
Potions
 f - a potion of heal wounds
 l - 9 potions of mutation
 p - a potion of agility
 z - 4 potions of berserk rage
 F - 5 potions of ambrosia
 N - 2 potions of magic
 O - 3 potions of flight
 P - 4 potions of cancellation
 S - 2 potions of curing
 U - 2 potions of haste
 V - 4 potions of brilliance
 Y - 5 potions of resistance
Books
 Z - a manual of Axes
Miscellaneous
 b - a crystal ball of energy
 e - a lightning rod (4/4)
 q - a lamp of fire
 u - a fan of gales
 B - a crystal ball of energy
 G - 5 phantom mirrors
 R - 6 boxes of beasts
Comestibles
 c - 14 rations
 W - 12 chunks of flesh


   Skills:
 + Level 17.9 Fighting
 - Level 14.1 Long Blades
 - Level 18.0 Axes
 - Level 1.6(12.3) Maces & Flails
 - Level 15.6 Armour
 * Level 11.9 Dodging
 + Level 20.5 Shields


You had 22 spell levels left.
You didn't know any spells.
Your spell library contained the following spells:

 Spells                   Type           Power        Failure   Level  Hunger
 Animate Skeleton         Necr           N/A          82%         1    ##.....
 Apportation              Tloc           #.....       82%         1    ##.....
 Beastly Appendage        Tmut           #.....       82%         1    ##.....
 Confusing Touch          Hex            #.....       82%         1    ##.....
 Corona                   Hex            #......      82%         1    ##.....
 Freeze                   Ice            #...         82%         1    ##.....
 Pain                     Necr           #...         82%         1    ##.....
 Sandblast                Erth           #.....       82%         1    ##.....
 Shock                    Conj/Air       #...         82%         1    ##.....
 Summon Butterflies       Summ           #.......     82%         1    ##.....
 Summon Small Mammal      Summ           #...         82%         1    ##.....
 Corpse Rot               Necr           N/A          91%         2    ###....
 Poisonous Vapours        Pois/Air       #.....       91%         2    ###....
 Slow                     Hex            #.......     91%         2    ###....
 Sticks to Snakes         Tmut           #.......     91%         2    ###....
 Sublimation of Blood     Necr           #.........   91%         2    ###....
 Swiftness                Chrm/Air       #.......     91%         2    ###....
 Throw Frost              Conj/Ice       #.....       91%         2    ###....
 Call Canine Familiar     Summ           #.......     99%         3    ####...
 Conjure Flame            Conj/Fire      #.......     99%         3    ####...
 Ignite Poison            Fire/Tmut/Pois #.......     99%         3    ####...
 Inner Flame              Hex/Fire       #.......     99%         3    ####...
 Lesser Beckoning         Tloc           #.........   99%         3    ####...
 Mephitic Cloud           Conj/Pois/Air  #.......     99%         3    ####...
 Ozocubu's Armour         Chrm/Ice       #.......     99%         3    ####...
 Portal Projectile        Hex/Tloc       #.....       99%         3    ####...
 Recall                   Summ/Tloc      N/A          99%         3    ####...
 Regeneration             Chrm/Necr      #.........   99%         3    ####...
 Spectral Weapon          Hex/Chrm       #.......     99%         3    ####...
 Spider Form              Tmut/Pois      #.........   99%         3    ####...
 Static Discharge         Conj/Air       #.......     99%         3    ####...
 Tukima's Dance           Hex            #.......     99%         3    ####...
 Vampiric Draining        Necr           #.........   99%         3    ####...
 Airstrike                Air            #.........   100%        4    #####..
 Animate Dead             Necr           N/A          100%        4    #####..
 Cause Fear               Hex            #.........   100%        4    #####..
 Fulminant Prism          Conj/Hex       #.........   100%        4    #####..
 Ice Form                 Ice/Tmut       #.......     100%        4    #####..
 Leda's Liquefaction      Hex/Erth       #.........   100%        4    #####..
 Petrify                  Tmut/Erth      #.......     100%        4    #####..
 Summon Ice Beast         Ice/Summ       #.......     100%        4    #####..
 Throw Icicle             Conj/Ice       #.......     100%        4    #####..
 Alistair's Intoxication  Tmut/Pois      #.......     100%        5    ######.
 Aura of Abjuration       Summ           #.........   100%        5    ######.
 Blade Hands              Tmut           #.........   100%        5    ######.
 Bolt of Draining         Conj/Necr      #.........   100%        5    ######.
 Dispel Undead            Necr           #.......     100%        5    ######.
 Irradiate                Conj/Tmut      #.........   100%        5    ######.
 Lightning Bolt           Conj/Air       #.........   100%        5    ######.
 Summon Demon             Summ           #.........   100%        5    ######.
 Summon Forest            Summ/Tloc      #.........   100%        5    ######.
 Summon Mana Viper        Hex/Summ       #.......     100%        5    ######.
 Freezing Cloud           Conj/Ice/Air   #.........   100%        6    #######
 Hydra Form               Tmut           #.........   100%        6    #######
 Invisibility             Hex            #.......     100%        6    #######
 Shadow Creatures         Summ           N/A          100%        6    #######
 Statue Form              Tmut/Erth      #........    100%        6    #######
 Dragon Form              Tmut           #.........   100%        7    #######
 Malign Gateway           Summ/Tloc      #.........   100%        7    #######
 Ring of Flames           Chrm/Fire      #.........   100%        7    #######
 Summon Hydra             Summ           #.........   100%        7    #######
 Dragon's Call            Summ           #.........   100%        9    #######


Dungeon Overview and Level Annotations

Branches:
Dungeon (15/15)            Temple (0/1) D:4            Lair (6/6) D:11
  Swamp (4/4) Lair:3       Spider (4/4) Lair:3        Slime (0/5) Lair:6
    Orc (2/2) D:11            Elf (3/3) Orc:2        Vaults (4/5) D:13
  Crypt (0/3) Vaults:2     Depths (2/5) D:15

Altars:
Makhleb
Ru
Vehumet
Yredelemnul
Beogh

Shops:
D:8 ?   D:12 }*[[   D:14 =   Orc:2 *[(   Vaults:1 *   Depths:1 =}=

Portals:
Hell: Depths:1 Depths:2
Pandemonium: Depths:1

Annotations:
D:6 Hylith's ghost, novice DrTm
Lair:6 exclusion: 3 oklob plants


Innate Abilities, Weirdness & Mutations

You have a pair of large antennae on your head. (SInv)
You are completely covered in icy blue scales. (AC +4, rC+)
Your flesh is cold resistant. (rC+)
You regenerate a lot of health from kills.
When hurt, damage is shared between your health and your magic reserves.
You regenerate magic rapidly.
You are immune to freezing clouds.
You are frail. (-10% HP)
You are resistant to electric shocks. (rElec)


Message History

* * * LOW HITPOINT WARNING * * *
The yak gores you.
* * * LOW HITPOINT WARNING * * *
The caustic shrike claws you but does no damage.
The caustic shrike claws you.
* * * LOW HITPOINT WARNING * * *
The acid corrodes you!
You are splashed with acid!
* * * LOW HITPOINT WARNING * * *
The caustic shrike claws you!
* * * LOW HITPOINT WARNING * * *
You are splashed with acid!
* * * LOW HITPOINT WARNING * * *
The caustic shrike claws you!
* * * LOW HITPOINT WARNING * * *
The acid corrodes you!
You are splashed with acid!
* * * LOW HITPOINT WARNING * * *
The caustic shrike claws you!
* * * LOW HITPOINT WARNING * * *
You are splashed with acid!
You die...

▓...........▓
▓▓▓▓▓▓▓...........▓▓▓▓
▓.....................
▓.....................
▓..............l.....=
▓............FHYS....$
▓............tbDDH...?
▓∩..........SY@bFwH../
▓............lYbDl...?
▓.............YHSt...?
▓.............YS......
▓.....................
▓.....................
▓▓▓▓▓▓▓...§.......▓▓▓▓
▓.......Y...▓


You could see 2 hellephants, 3 caustic shrikes, a catoblepas, a seven-headed
hydra, a five-headed hydra, a four-headed hydra, an elephant, a torpor snail, 3
komodo dragons, 4 hippogriffs, a black mamba, 2 yaks, 2 spiny frogs, 3 water
moccasins and 2 crocodiles.

Vanquished Creatures
  2 ancient liches (Zig:7)
  A juggernaut (Depths:2)
  A pandemonium lord (Zig:5)
  Bai Suzhen (Vaults:4)
  Frederick (Vaults:4)
  Nikola (Swamp:1)
  A profane servitor (Zig:7)
  3 bone dragons
  A Brimstone Fiend (Zig:5)
  An Ice Fiend (Pan)
  An electric golem (Zig:3)
  3 tentacled monstrosities
  A Hell Sentinel (Pan)
  The ghost of Gorice the Fighter, an adept GnWn of Okawaru (Vaults:1)
  2 deep elf blademasters
  A lich (Depths:2)
  2 deep elf master archers (Elf:3)
  2 quicksilver dragons (Zig:12)
  2 sphinxes
  Frances (Elf:1)
  2 storm dragons
  2 tentacled starspawn
  4 draconian monks
  A tengu reaver (Vaults:4)
  7 thorn hunters
  A nagaraja (Zig:6)
  A revenant (Zig:7)
  2 fire giants
  Donald (Elf:2)
  2 iron dragons
  3 ghost moths
  A draconian scorcher (Zig:10)
  3 orc warlords
  2 balrugs
  7 deep elf sorcerers
  Aizul (Elf:3)
  A curse skull (Zig:7)
  15 vault wardens
  A ghoul (Vaults:2)
  A draconian stormcaller (Zig:10)
  4 deep elf elementalists (Elf:3)
  8 emperor scorpions
  10 stone giants
  A draconian shifter (Abyss:3)
  2 reapers
  14 very ugly things
  10 ironheart preservers
  A draconian annihilator (Zig:10)
  2 vampire knights (Depths:2)
  11 entropy weavers
  2 blood saints
  A green draconian (Zig:10)
  5 deep elf demonologists
  A minotaur (Gauntlet)
  A yellow draconian (Zig:10)
  4 purple draconians (Zig:10)
  4 deep elf annihilators
  9 spark wasps
  An ettin (Depths:2)
  2 death oozes (Swamp:4)
  2 green deaths
  Snorg (Lair:4)
  10 fire dragons
  2 deep elf high priests (Elf:3)
  8 deep elf death magi
  A blizzard demon (Pan)
  9 yaktaur captains
  A jiangshi (Depths:1)
  13 vault guards
  6 great orbs of eyes
  6 rakshasas
  5 shambling mangroves
  A spriggan air mage (Zig:3)
  16 hydras
  2 hell beasts
  A catoblepas (D:11)
  9 ice dragons
  3 ghost crabs
  A monstrous demonspawn (Depths:1)
  5 centaur warriors
  A merfolk aquamancer (Zig:4)
  A satyr (Zig:2)
  9 alligators
  2 death knights
  A merfolk avatar (Lair:6)
  A two-headed ogre (shapeshifter) (Vaults:1)
  27 dancing weapons
  7 death yaks
  25 two-headed ogres
  9 ogre magi
  A queen ant (Spider:2)
  5 deep troll shamans (Depths:2)
  10 tengu warriors
  Urug (D:12)
  4 vampire magi
  3 spriggan berserkers (Depths:2)
  2 deep troll earth magi (Depths:2)
  Nergalle (Orc:2)
  Sonja (Lair:4)
  3 thrashing horrors (Swamp:4)
  21 deep elf knights
  A shock serpent (Zig:3)
  3 orc high priests (Elf:1)
  4 sun demons
  5 skeletal warriors (D:13)
  3 soul eaters (Depths:1)
  4 wretched stars
  The ghost of Ratty the Fighter, a novice DsFi of Yredelemnul (D:8)
  3 fire crabs (D:12)
  8 spriggans
  2 shadow wraiths
  A salamander mystic (Zig:6)
  4 death drakes
  4 unseen horrors
  An iron troll (Depths:2)
  2 spriggan druids (Swamp:2)
  An unseen horror (shapeshifter) (D:15)
  A spatial maelstrom (Abyss:1)
  A torturous demonspawn (Depths:1)
  3 sea snakes
  7 deep trolls (Depths:2)
  2 glowing orange brains
  11 ironbrand convokers
  A shadow demon (Pan)
  19 swamp dragons
  2 wizards
  8 harpies
  A flayed ghost (Vaults:3)
  2 phantasmal warriors
  12 deep elf archers
  5 necromancers
  An obsidian statue (Depths:1)
  A harpy (shapeshifter) (D:15)
  22 orb spiders
  33 wolf spiders
  A cyclops (shapeshifter) (Depths:2)
  12 orc knights
  4 orc sorcerers
  42 ugly things
  64 deep elf magi
  7 cyclopes
  3 manticores
  2 moths of wrath
  3 guardian serpents
  Maurice (D:8)
  3 elephants (Lair:6)
  A fire giant zombie (Abyss:3)
  A stone giant skeleton (Vaults:4)
  6 black mambas
  3 naga magi
  A molten gargoyle (Volcano)
  An apocalypse crab (D:12)
  2 centaur zombies
  4 smoke demons
  13 vault sentinels
  2 gargoyles (Volcano)
  2 torpor snails
  10 orange demons
  A human skeleton (Vaults:4)
  20 spiny frogs
  3 rime drakes
  A hellion (Depths:1)
  56 yaktaurs
  A freezing wraith (Vaults:4)
  A kobold demonologist (D:13)
  6 tengu conjurers
  A hellwing (Abyss:3)
  A rime drake (shapeshifter) (Vaults:4)
  11 komodo dragons
  A yaktaur (shapeshifter) (Zig:9)
  10 demonic crawlers
  3 red devils
  3 jumping spiders (shapeshifter)
  8 trolls
  6 meliai
  5 merfolk (Zig:4)
  2 meliai (shapeshifter)
  32 jumping spiders
  11 tyrant leeches
  34 hornets
  A queen bee (Spider:1)
  6 polar bears (Lair:6)
  A hippogriff (shapeshifter) (Depths:1)
  41 slime creatures
  An ettin zombie (Vaults:4)
  4 blink frogs (Swamp:2)
  12 bog bodies
  2 wind drakes
  6 raiju
  A raiju (shapeshifter) (D:15)
  8 hippogriffs
  3 air elementals
  4 centaur simulacra (Gauntlet)
  79 redbacks
  4 ynoxinuls
  4 wyverns
  22 tarantellas
  2 shadows (Swamp:4)
  9 water elementals
  3 fire bats (Lair:3)
  2 yaks (shapeshifter)
  5 wraiths
  25 yaks
  2 basilisks
  A chaos spawn (Pan)
  5 fire elementals
  2 steam dragons
  Grum (D:7)
  A human simulacrum (Vaults:3)
  A hungry ghost (D:14)
  3 soldier ants
  10 swamp worms
  17 vampire mosquitoes
  12 insubstantial wisps
  A naga (shapeshifter) (Depths:2)
  8 wargs
  A naga (Zig:6)
  6 acid dragons
  2 hell hounds (Abyss:3)
  A water moccasin (shapeshifter) (Elf:2)
  13 water moccasins
  12 porcupines
  A sky beast (D:12)
  A floating eye (shapeshifter) (D:15)
  47 orc warriors
  8 swamp drakes
  3 black bears
  8 starcursed masses
  8 ice beasts
  3 elephant zombies (Lair:4)
  An eye of draining (shapeshifter) (Vaults:4)
  An ice dragon simulacrum (Gauntlet)
  2 necrophages
  2 phantoms
  7 wolves
  25 ogres
  9 boggarts
  28 centaurs
  A crocodile (shapeshifter) (Depths:2)
  9 large abominations
  7 crocodiles
  5 elf zombies (Elf:2)
  Blork the orc (D:6)
  10 big kobolds
  2 small abominations
  10 bullfrogs
  2 earth elementals (Elf:3)
  A wyvern skeleton (D:12)
  A water moccasin skeleton (D:10)
  7 scorpions
  49 killer bees
  14 wights
  3 electric eels (Lair:4)
  2 howler monkeys (D:11)
  23 crimson imps
  A basilisk zombie (Lair:4)
  2 quasits
  11 hounds
  A jelly (D:6)
  19 orc priests
  3 centaur skeletons
  33 orc wizards
  3 bullfrog skeletons
  2 iguanas
  19 worker ants
  A killer bee zombie (D:7)
  2 crocodile zombies (Lair:4)
  2 hound skeletons
  A hound zombie (D:6)
  4 worker ant zombies
  A howler monkey zombie (D:9)
  2 howler monkey skeletons (D:4)
  10 adders
  4 shadow imps
  9 white imps
  4 oozes
  An adder zombie (D:8)
  2 adder skeletons
  A worm (D:5)
  3 dart slugs
  3 leopard geckos
  82 orcs
  2 ball pythons
  4 giant cockroaches
  10 goblins
  9 hobgoblins
  8 jackals (D:1)
  16 kobolds
  2 quokkas
  6 bats
  4 frilled lizards
  2 gnoll zombies (D:5)
  A leopard gecko skeleton (D:8)
  7 rats
  3 briar patches (Swamp:3)
  4 crawling corpses
  4 fungi
  A lurking horror (Abyss:5)
  6 plants
  5 starspawn tentacles (Abyss:1)
1966 creatures vanquished.

Vanquished Creatures (collateral kills)
  A deep elf blademaster (Elf:3)
  2 jiangshi (Depths:1)
  A green death (Swamp:4)
  A hydra (Swamp:1)
  A two-headed ogre (Depths:1)
  A vampire mage (Depths:1)
  An orc high priest (Orc:2)
  A fire crab (D:12)
  A freezing wraith (Vaults:2)
  2 swamp worms (Swamp:1)
  A lurking horror (Abyss:5)
13 creatures vanquished.

Vanquished Creatures (others)
  Saint Roka (Depths:1)
  A deep elf master archer (Zig:9)
  A stone giant (Depths:2)
  A merfolk javelineer (Zig:4)
  A hydra (Zig:11)
  A dancing weapon (Zig:9)
  A deep elf knight (Elf:1)
  An orc sorcerer (Depths:1)
  2 wolf spiders (Spider:2)
  A deep elf mage (Zig:9)
  4 smoke demons
  An ice devil (Pan)
  A tormentor (Pan)
  A hornet (Zig:11)
  A slime creature (Swamp:1)
  A tarantella (Spider:4)
  A redback (Spider:4)
  A vampire mosquito (Lair:4)
  A warg (Depths:1)
  2 swamp drakes
  An orc warrior (Depths:1)
  A centaur (Zig:2)
  3 orc priests (Depths:1)
  Ijyb (D:4)
  6 orcs
  2 briar patches (Swamp:3)
  A fire vortex (Pan)
  8 fungi
  24 plants
  5 starspawn tentacles
  4 toadstools (D:2)
81 creatures vanquished.

Grand Total: 2060 creatures vanquished

Notes
Turn   | Place    | Note
-------+----------+-------------------------------------------
     0 | D:1      | frenix the Demonspawn Berserker began the quest for the
                  | Orb.
     0 | D:1      | Reached XP level 1. HP: 18/18 MP: 1/1
   137 | D:1      | Gained mutation: You are partially covered in icy blue
                  | scales. (AC +2) [demonic ancestry]
   137 | D:1      | Reached XP level 2. HP: 20/24 MP: 2/2
   790 | D:1      | Gained mutation: You have a pair of small antennae on your
                  | head. [demonic ancestry]
   790 | D:1      | Reached XP level 3. HP: 14/29 MP: 3/3
  1580 | D:2      | Reached ** piety under Trog
  1823 | D:2      | Gained mutation: You are mostly covered in icy blue scales.
                  | (AC +3) [demonic ancestry]
  1823 | D:2      | Reached XP level 4. HP: 31/35 MP: 4/4
  1992 | D:2      | Reached skill level 1 in Axes
  2362 | D:3      | Gained mutation: You regenerate a little health from kills.
                  | [demonic ancestry]
  2362 | D:3      | Reached XP level 5. HP: 29/42 MP: 5/5
  2845 | D:3      | Found a faded altar of an unknown god.
  3251 | D:4      | Reached XP level 6. HP: 31/48 MP: 6/6
  3569 | D:4      | Reached *** piety under Trog
  3637 | D:4      | Noticed Ijyb
  3662 | D:4      | Killed Ijyb
  4196 | D:4      | Reached skill level 5 in Axes
  4196 | D:4      | Gained mutation: You are completely covered in icy blue
                  | scales. (AC +4, rC+) [demonic ancestry]
  4196 | D:4      | Reached XP level 7. HP: 50/53 MP: 7/7
  4287 | D:4      | Found a staircase to the Ecumenical Temple.
  4735 | D:5      | Entered Level 5 of the Dungeon
  5297 | D:5      | Found a basalt altar of Yredelemnul.
  5802 | D:6      | Noticed Blork the orc
  5804 | D:6      | Gained mutation: You regenerate health from kills. [demonic
                  | ancestry]
  5804 | D:6      | Reached XP level 8. HP: 52/60 MP: 8/8
  5839 | D:6      | Killed Blork the orc
  5861 | D:6      | You fall through a shaft for 2 floors!
  5884 | D:8      | Noticed Grum
  5938 | D:7      | Killed Grum
  6422 | D:7      | Reached XP level 9. HP: 65/67 MP: 9/9
  6764 | D:7      | Reached skill level 5 in Fighting
  7130 | D:8      | Noticed Maurice
  7144 | D:8      | Killed Maurice
  7144 | D:8      | Reached skill level 1 in Maces & Flails
  7144 | D:8      | Reached skill level 5 in Armour
  7303 | D:8      | Noticed Ratty's ghost (novice DsFi)
  7341 | D:8      | Found a runed translucent gate.
  7343 | D:8      | Found Detho's Magic Scroll Boutique.
  7347 | D:8      | Found a runed translucent gate.
  7349 | D:8      | Found a runed translucent gate.
  7368 | D:8      | Bought a scroll of identify for 24 gold pieces
  7368 | D:8      | Bought a scroll of remove curse for 36 gold pieces
  7368 | D:8      | Bought a scroll of enchant weapon for 90 gold pieces
  7368 | D:8      | Bought a scroll of identify for 24 gold pieces
  7368 | D:8      | Bought a scroll of enchant weapon for 90 gold pieces
  7368 | D:8      | Bought a scroll of teleportation for 36 gold pieces
  7368 | D:8      | Bought a scroll of remove curse for 36 gold pieces
  7509 | D:8      | Reached **** piety under Trog
  8243 | D:9      | Gained mutation: You have a pair of antennae on your head.
                  | [demonic ancestry]
  8243 | D:9      | Reached XP level 10. HP: 79/79 MP: 10/10
  8264 | D:9      | Reached skill level 10 in Axes
  8705 | D:10     | Entered Level 10 of the Dungeon
  8894 | D:8      | Bought a scroll of brand weapon for 240 gold pieces
  9177 | D:10     | Noticed a two-headed ogre
  9186 | D:10     | Killed a two-headed ogre
  9788 | D:8      | Killed Ratty's ghost
  9788 | D:8      | Reached XP level 11. HP: 57/89 MP: 11/11
 10027 | D:11     | Noticed a four-headed hydra
 10112 | D:11     | Killed a four-headed hydra
 10149 | D:11     | Noticed a catoblepas
 10404 | D:6      | Found a runed translucent gate.
 10404 | D:6      | Found a runed translucent gate.
 10404 | D:6      | Found a runed translucent gate.
 10406 | D:6      | Noticed Hylith's ghost (novice DrTm)
 10553 | D:6      | Paralysed by a big kobold for 2 turns
 10567 | D:6      | Cast into level 1 of the Abyss (big kobold)
 10583 | Abyss:1  | Noticed a wretched star
 10610 | Abyss:1  | Killed a wretched star
 10614 | Abyss:1  | Noticed a reaper
 10631 | D:6      | Escaped the Abyss
 11724 | D:11     | Reached skill level 10 in Fighting
 11956 | D:11     | Found a staircase to the Orcish Mines.
 11993 | D:11     | Found a staircase to the Lair.
 12017 | D:11     | Killed a catoblepas
 12226 | Lair:1   | Entered Level 1 of the Lair of Beasts
 12337 | Lair:1   | Noticed a four-headed hydra
 12350 | Lair:1   | Killed a four-headed hydra
 13088 | Lair:2   | Noticed a death yak
 13090 | Lair:2   | Noticed a death yak
 13091 | Lair:2   | Noticed a death yak
 13111 | Lair:1   | Killed a death yak
 13111 | Lair:1   | Reached skill level 2 in Shields
 13111 | Lair:1   | Reached XP level 12. HP: 92/98 MP: 12/12
 13167 | Lair:1   | Killed a death yak
 13167 | Lair:1   | Reached skill level 3 in Shields
 13168 | Lair:1   | Killed a death yak
 13342 | Lair:2   | Reached skill level 4 in Shields
 13586 | Lair:2   | Noticed a five-headed hydra
 13600 | Lair:2   | Killed a five-headed hydra
 13600 | Lair:2   | Reached skill level 5 in Shields
 13652 | Lair:2   | Reached skill level 6 in Shields
 14272 | Lair:3   | Found a hole to the Spider Nest.
 14513 | Lair:3   | Found a staircase to the Swamp.
 14932 | Lair:3   | Found a dark tunnel.
 14968 | Volcano  | Entered a volcano
 15376 | Lair:4   | Noticed Snorg
 15389 | Lair:4   | Killed Snorg
 15488 | Lair:4   | Noticed Sonja
 15578 | Lair:4   | Killed Sonja
 15743 | Lair:4   | Reached ***** piety under Trog
 15805 | Lair:4   | Reached XP level 13. HP: 106/106 MP: 13/13
 17350 | Lair:5   | Found a gate leading to a gauntlet.
 17368 | Gauntlet | Entered a Gauntlet
 17368 | Gauntlet | Found a transporter.
 17368 | Gauntlet | Found a transporter.
 17372 | Gauntlet | Found a transporter.
 17372 | Gauntlet | Found a transporter.
 17376 | Gauntlet | Found a transporter.
 17376 | Gauntlet | Found a transporter.
 17428 | Gauntlet | Found a transporter.
 17432 | Gauntlet | Found a transporter.
 17448 | Gauntlet | Found a transporter.
 17465 | Gauntlet | Found a transporter.
 17480 | Gauntlet | Found a transporter.
 17584 | Gauntlet | Found a transporter.
 17627 | Gauntlet | Reached skill level 10 in Armour
 17689 | Gauntlet | Got a faintly humming cloak
 17690 | Gauntlet | Identified Sif Muna's Handbook of Earthen Companions
 17706 | Gauntlet | Identified the +1 cloak of the Slorg {+Fly rPois MR++
                  | Regen+} (You found it in a Gauntlet)
 17725 | Gauntlet | Noticed a minotaur
 17737 | Gauntlet | Killed a minotaur
 17771 | Gauntlet | Identified Arhio's Reference Book on the Captivating
                  | Snowflakes
 18090 | Lair:6   | Entered Level 6 of the Lair of Beasts
 18297 | Lair:6   | Got an encrusted mace
 18305 | Lair:6   | Identified the cursed +2 mace of Currency {freeze, *Corrode
                  | +Inv rPois} (You found it on level 6 of the Lair of Beasts)
 18732 | Lair:6   | Found a staircase to the Slime Pits.
 19494 | D:12     | Gained mutation: When hurt, damage is shared between your
                  | health and your magic reserves. [demonic ancestry]
 19494 | D:12     | Reached XP level 14. HP: 115/115 MP: 14/14
 19538 | D:12     | Received a gift from Trog
 19726 | D:12     | Found Reazas's General Store.
 19727 | D:12     | Found Ifadang's Armour Boutique.
 19740 | D:12     | Found Mienum's Gadget Boutique.
 19748 | D:12     | Found Latraof's Armour Boutique.
 19785 | D:12     | Bought a +2 plate armour of fire resistance for 720 gold
                  | pieces
 19864 | D:12     | Noticed Urug
 19899 | D:12     | Killed Urug
 20021 | D:12     | Found a runed translucent door.
 20059 | D:12     | Reached skill level 15 in Axes
 20105 | D:12     | Noticed an entropy weaver
 20120 | D:12     | Killed an entropy weaver
 20158 | D:12     | Noticed an entropy weaver
 20181 | D:12     | Killed an entropy weaver
 20562 | D:12     | Noticed an entropy weaver
 20570 | D:12     | Killed an entropy weaver
 20612 | D:12     | Identified the Grimoire of Unholy Calling
 21199 | D:13     | Found a gate to the Vaults.
 21430 | Orc:1    | Entered Level 1 of the Orcish Mines
 21431 | Orc:1    | Found a burning altar of Makhleb.
 21457 | Orc:1    | Noticed an orc warlord
 21539 | D:11     | Killed an orc warlord
 21763 | D:11     | Received a gift from Trog
 22166 | Orc:2    | Entered Level 2 of the Orcish Mines
 22271 | Orc:2    | Found a staircase to the Elven Halls.
 22615 | Orc:2    | Noticed Nergalle
 22634 | Orc:2    | Killed Nergalle
 22647 | Orc:2    | Reached XP level 15. HP: 124/124 MP: 15/15
 22689 | Orc:2    | Noticed an orc warlord
 22720 | Orc:2    | Killed an orc warlord
 22748 | Orc:2    | Found a roughly hewn altar of Beogh.
 22764 | Orc:2    | Received a gift from Trog
 22852 | Orc:2    | Found Lied's General Store.
 22873 | Orc:2    | Bought a scroll of identify for 20 gold pieces
 22873 | Orc:2    | Bought a scroll of enchant weapon for 75 gold pieces
 22873 | Orc:2    | Bought a potion of agility for 40 gold pieces
 22980 | Orc:2    | Found Huick's Jewellery Shoppe.
 22993 | Orc:2    | Found Kitriul's Antique Armour Shoppe.
 23094 | Orc:2    | Found Oteuj's Antique Weapon Shoppe.
 24128 | D:14     | Found Roixuil's Jewellery Emporium.
 25127 | D:15     | Entered Level 15 of the Dungeon
 25216 | D:15     | Found a sacrificial altar of Ru.
 25435 | D:15     | Found a staircase to the Depths.
 26266 | Spider:1 | Entered Level 1 of the Spider Nest
 26437 | Spider:1 | Received a gift from Trog
 27015 | Spider:1 | Reached ****** piety under Trog
 27017 | Spider:1 | Received a gift from Trog
 27028 | Spider:1 | Got an ancient triple sword {god gift}
 27034 | Spider:1 | Identified the +2 triple sword of Trog's Reproof {freeze,
                  | MR+ Str+4 Dex-4} (Trog gifted it to you on level 1 of the
                  | Spider Nest)
 27199 | Spider:1 | Gained mutation: You regenerate magic rapidly. [demonic
                  | ancestry]
 27199 | Spider:1 | Reached XP level 16. HP: 123/134 MP: 14/16
 28011 | Spider:2 | Reached skill level 15 in Fighting
 28152 | Spider:2 | HP: 10/204 [poisoned by an emperor scorpion]
 28347 | Spider:2 | Received a gift from Trog
 29317 | Spider:4 | Entered Level 4 of the Spider Nest
 30247 | Spider:3 | Reached skill level 7 in Shields
 30620 | Spider:4 | Received a gift from Trog
 30840 | Spider:4 | Received a gift from Trog
 30840 | Spider:4 | Reached XP level 17. HP: 144/144 MP: 17/17
 31457 | Spider:4 | Got a gossamer rune of Zot
 31928 | Swamp:1  | Entered Level 1 of the Swamp
 31959 | Swamp:1  | Reached skill level 8 in Shields
 32408 | Swamp:1  | Noticed Nikola
 32419 | Swamp:1  | Killed Nikola
 32814 | Swamp:2  | Reached skill level 15 in Armour
 32889 | Swamp:2  | Received a gift from Trog
 33154 | Orc:2    | Bought a glowing mace for 144 gold pieces
 33854 | Swamp:2  | Reached skill level 9 in Shields
 33932 | Swamp:2  | Found a burning altar of Makhleb.
 35404 | Swamp:4  | Entered Level 4 of the Swamp
 35460 | Swamp:4  | Reached XP level 18. HP: 154/154 MP: 13/18
 35905 | Swamp:4  | Paralysed by a hornet for 3 turns
 35983 | Swamp:4  | Reached skill level 10 in Shields
 36154 | Swamp:4  | Received a gift from Trog
 36424 | Swamp:4  | Got a decaying rune of Zot
 36875 | D:12     | Bought a +1 shield of protection for 297 gold pieces
 36925 | Vaults:1 | Entered Level 1 of the Vaults
 37233 | Vaults:1 | Reached skill level 11 in Shields
 37520 | Vaults:1 | Found Qugep's Assorted Antiques.
 37548 | Vaults:1 | Bought a twisted platinum amulet for 200 gold pieces
 37553 | Vaults:1 | Bought a potion of curing for 120 gold pieces
 38003 | Vaults:1 | Paralysed by fainting for 9 turns
 38303 | Vaults:1 | Found a runed translucent door.
 38303 | Vaults:1 | Noticed Gorice's ghost (adept GnWn)
 38328 | Vaults:1 | Killed Gorice's ghost
 38328 | Vaults:1 | Reached skill level 12 in Shields
 38880 | Vaults:2 | Found a staircase to the Crypt.
 39168 | Vaults:2 | Received a gift from Trog
 39212 | Vaults:2 | Reached skill level 13 in Shields
 39484 | Vaults:2 | Gained mutation: Your flesh is cold resistant. (rC+)
                  | [demonic ancestry]
 39484 | Vaults:2 | Reached XP level 19. HP: 161/161 MP: 17/19
 39491 | Vaults:2 | Received a gift from Trog
 39801 | Vaults:2 | Reached skill level 14 in Shields
 40790 | Vaults:3 | Reached skill level 15 in Shields
 41336 | Vaults:3 | Reached skill level 5 in Dodging
 42064 | Vaults:4 | Noticed Frederick
 42071 | Vaults:4 | Killed Frederick
 42098 | Vaults:4 | Received a gift from Trog
 42121 | Vaults:4 | Gained mutation: You are immune to freezing clouds.
                  | [demonic ancestry]
 42121 | Vaults:4 | Reached XP level 20. HP: 160/168 MP: 16/20
 42154 | Vaults:4 | Received a gift from Trog
 42162 | Vaults:4 | Reached skill level 10 in Dodging
 42636 | D:8      | Bought a scroll of brand weapon for 240 gold pieces
 42636 | D:8      | Bought a scroll of enchant armour for 90 gold pieces
 42712 | D:12     | Bought a scroll of enchant armour for 105 gold pieces
 43777 | Vaults:4 | Noticed Bai Suzhen
 43818 | Vaults:4 | Killed Bai Suzhen
 44241 | Elf:1    | Entered Level 1 of the Elven Halls
 44290 | Elf:1    | Found a radiant altar of Vehumet.
 44314 | Elf:1    | Noticed Frances
 44324 | Elf:1    | Received a gift from Trog
 44331 | Elf:1    | Killed Frances
 45471 | Elf:2    | Reached skill level 16 in Shields
 45484 | Elf:2    | Identified the Catalogue of Evil Magic
 45632 | Elf:2    | Received a gift from Trog
 45950 | Elf:2    | Found a runed translucent gate.
 45959 | Elf:2    | Found a runed translucent gate.
 45959 | Elf:2    | Found a runed translucent gate.
 46297 | Elf:2    | Received a gift from Trog
 46297 | Elf:2    | Gained mutation: You have a pair of large antennae on your
                  | head. (SInv) [demonic ancestry]
 46297 | Elf:2    | Reached XP level 21. HP: 116/174 MP: 14/21
 46649 | Elf:2    | Reached skill level 17 in Shields
 46790 | Elf:3    | Entered Level 3 of the Elven Halls
 47001 | Elf:3    | Noticed Aizul
 47009 | Elf:3    | Killed Aizul
 47383 | Elf:3    | Received a gift from Trog
 47387 | Elf:3    | Got a slimy broad axe {god gift}
 47388 | Elf:3    | Identified the +7 broad axe "Nos Urchiw" {drain, MR- Int+5}
                  | (Trog gifted it to you on level 3 of the Elven Halls)
 47401 | Elf:3    | Cast into level 3 of the Abyss (a deep elf sorcerer)
 47402 | Abyss:3  | Found a corrupted altar of Lugonu.
 47680 | Abyss:5  | Entered Level 5 of the Abyss
 47680 | Abyss:5  | Entered Level 5 of the Abyss
 47722 | Abyss:5  | Reached skill level 18 in Shields
 47758 | Elf:3    | Escaped the Abyss
 47765 | Elf:3    | Noticed Donald
 47875 | Elf:2    | Killed Donald
 47998 | Elf:3    | Received a gift from Trog
 48656 | Elf:3    | Got a dazzling scimitar
 48685 | Elf:3    | Got a warped whip
 48686 | Elf:3    | Identified the +10 scimitar of Capital Punishment {freeze,
                  | rPois MR+ Dex-2} (You found it on level 3 of the Elven
                  | Halls)
 48687 | Elf:3    | Identified the +6 whip "Omeruy" {drain, +Fly rF++ Int-3
                  | Dex+4} (You found it on level 3 of the Elven Halls)
 48690 | Elf:3    | Found the +3 Elemental Staff {rElec rF++ rC++ MR++ AC+5}
 48771 | Elf:3    | Got an ancient short sword
 48818 | Elf:3    | Got a slimy short sword
 48819 | Elf:3    | Identified the +9 short sword "Onunkusu" {pierce, Str+4}
                  | (You found it on level 3 of the Elven Halls)
 49615 | Depths:1 | Entered Level 1 of the Depths
 49651 | Depths:1 | Reached skill level 19 in Shields
 49707 | Depths:1 | Received a gift from Trog
 49720 | Depths:1 | Killed Saint Roka
 49903 | Depths:1 | Found a one-way gate leading to the halls of Pandemonium.
 49930 | Pan      | Entered Pandemonium
 50047 | Pan      | Reached XP level 22. HP: 30/182 MP: 4/22
 50199 | Pan      | HP: 9/182 [balrug/divine providence (8)]
 50361 | Pan      | Got an ancient amber ring
 50363 | Pan      | Identified the ring "Nutzoim" {Fire *Corrode Str+4 Int+3}
                  | (You found it in Pandemonium)
 50586 | Pan      | Noticed Surrups the pandemonium lord
 50849 | Pan      | Found an exit through the horrors of the Abyss.
 50873 | Pan      | Took an exit into the Abyss.
 50873 | Abyss:1  | Escaped into the Abyss
 50963 | Abyss:1  | Reached skill level 20 in Shields
 50984 | Abyss:1  | Got a smoking mace
 51029 | Abyss:1  | Identified the cursed +1 mace of Nuc Goss {antimagic, rC+
                  | Str+4} (You found it on level 1 of the Abyss)
 51078 | Depths:1 | Escaped the Abyss
 51482 | Depths:1 | Found a gateway to Hell.
 51493 | Depths:1 | Reached skill level 5 in Long Blades
 51854 | Depths:1 | Found Obbobumu's Jewellery Shoppe.
 51854 | Depths:1 | Found Yjawnew's Gadget Shop.
 51856 | Depths:1 | Found Lidd's Jewellery Shoppe.
 51875 | Depths:1 | Bought the ring "Mejar" {+Fly Str+3 Slay+6} for 850 gold
                  | pieces
 52347 | Depths:2 | Received a gift from Trog
 53119 | Depths:2 | Found a gateway to a ziggurat.
 53424 | Depths:2 | Reached skill level 10 in Long Blades
 53602 | Depths:2 | Received a gift from Trog
 53626 | Depths:2 | Noticed a juggernaut
 53636 | Depths:2 | Killed a juggernaut
 53755 | Depths:2 | Identified a scroll of acquirement
 53919 | Depths:2 | Received a gift from Trog
 54225 | Zig:1    | Entered Level 1 of a ziggurat
 54233 | Zig:1    | Gained mutation: You regenerate a lot of health from kills.
                  | [demonic ancestry]
 54233 | Zig:1    | Reached XP level 23. HP: 180/188 MP: 21/23
 54248 | Zig:2    | Entered Level 2 of a ziggurat
 54269 | Zig:3    | Entered Level 3 of a ziggurat
 54488 | Zig:4    | Entered Level 4 of a ziggurat
 54562 | Zig:4    | Got a pair of heavily runed gloves
 54573 | Zig:4    | Identified the +1 pair of gloves "Jetwamib" {+Blink MR+}
                  | (You found it on level 4 of a ziggurat)
 54590 | Zig:5    | Entered Level 5 of a ziggurat
 54595 | Zig:5    | Noticed Vyreitwy the pandemonium lord
 54601 | Zig:5    | Killed Vyreitwy the pandemonium lord
 54702 | Zig:6    | Entered Level 6 of a ziggurat
 54716 | Zig:6    | Found the +7 captain's cutlass {speed, disarm}
 54726 | Zig:6    | Got an encrusted trident
 54727 | Zig:6    | Identified the +9 trident "Cuyfoval" {pain, Str-2 Dex+6}
                  | (You found it on level 6 of a ziggurat)
 54776 | Zig:7    | Entered Level 7 of a ziggurat
 54782 | Zig:7    | Noticed an ancient lich
 54783 | Zig:7    | Noticed an ancient lich
 54808 | Zig:7    | Killed an ancient lich
 54818 | Zig:7    | Killed an ancient lich
 54976 | Zig:7    | Got a dazzling mace
 54977 | Zig:7    | Identified the +2 mace "Conservator" {holy, rN+ Str+4
                  | Dex+4} (You found it on level 7 of a ziggurat)
 54989 | Zig:8    | Entered Level 8 of a ziggurat
 55082 | Zig:9    | Entered Level 9 of a ziggurat
 55099 | Zig:9    | Received a gift from Trog
 55139 | Zig:9    | Gained mutation: You are frail. (-10% HP) [mutagenic glow]
 55518 | Zig:10   | Entered Level 10 of a ziggurat
 55634 | Zig:10   | Got a crystal hand crossbow
 55635 | Zig:10   | Identified the +7 hand crossbow "Zonlupn" {freeze, Str+3
                  | Stlth+} (You found it on level 10 of a ziggurat)
 55644 | Zig:11   | Entered Level 11 of a ziggurat
 55804 | Zig:11   | Got a steaming tin amulet
 55809 | Zig:11   | Identified the amulet "Riupa" {Regen+ Dex+4} (You found it
                  | on level 11 of a ziggurat)
 55823 | Zig:11   | Got a sapphire mace
 55824 | Zig:11   | Identified the +8 mace "Zirhutol" {speed, rC+ rN+} (You
                  | found it on level 11 of a ziggurat)
 55829 | Zig:12   | Entered Level 12 of a ziggurat
 55943 | Zig:12   | Got a smoking turquoise ring
 55945 | Zig:12   | Identified the ring "Wiarri Bisax" {*Tele Str+2 Int+4} (You
                  | found it on level 12 of a ziggurat)
 55960 | Zig:12   | Got a transparent hand axe
 55961 | Zig:12   | Identified the +2 hand axe of the Abyss {elec, Str+2} (You
                  | found it on level 12 of a ziggurat)
 55965 | Zig:12   | Got an encrusted leather armour
 55976 | Zig:12   | Identified the +3 leather armour of Ali Cudi {*Contam
                  | Regen+ rCorr Dex+7} (You found it on level 12 of a
                  | ziggurat)
 56003 | Zig:12   | Gained mutation: You are resistant to electric shocks.
                  | (rElec) [mutagenic glow]
 56007 | Zig:13   | Entered Level 13 of a ziggurat
 56020 | Zig:13   | Noticed a caustic shrike
 56021 | Zig:13   | Noticed a caustic shrike
 56022 | Zig:13   | Noticed a caustic shrike
 56032 | Zig:13   | HP: 10/250 [acid (4)]
 56032 | Zig:13   | HP: 3/250 [caustic shrike (7)]
 56032 | Zig:13   | Splashed by a caustic shrike's acid

Levels and vault maps discovered:
D:1:      elethiomel_arrival_infinity_welcomes_careful_drivers, layout_basic
D:2:      layout_basic, minmay_gold_behind_fungi, minmay_tetromino_t4
D:3:      layout_loops_corners, chequers_ecumenical_altar_simple, minmay_unequal
D:4:      layout_gridville, minmay_temple_entry_waves, uniq_ijyb
D:5:      layout_loops_ring, lemuel_zombie_altar_yredelemnul, first_ration
D:6:      layout_loops_cross, gammafunk_ghost_nasty_kobolds, uniq_blork_the_orc
D:7:      corexii_shack_village, layout_loops_ring
D:8:      layout_rooms, gammafunk_ghost_icy, serial_shops, nicolae_shop_stone,
          dk_noncrumbling_4, uniq_maurice, uniq_grum
D:9:      layout_irregular_city, serial_column_ruins,
          column_ruins_columns_straight, column_ruins_columns_dead_end,
          column_ruins_open_tiny, hex_medium, small_statue_alley_b
D:10:     layout_roguey, grunt_ogre_cave, ebering_dispersal_statue_hall
D:11:     layout_loops_cross, david_lair_shrubbed, orc_0_dummy
D:12:     gammafunk_mikee_crab_dinner, layout_gridville,
          minmay_shop_grid_forest, minmay_nine_imps, uniq_urug
D:13:     layout_long_grid, erik_vaults_1
D:14:     layout_basic, serial_shops, shop, chequers_serial_rivers_small_a
D:15:     gammafunk_enter_depths_forms, layout_gridville,
          nicolae_ru_path_of_blood
Lair:1:   layout_long_grid
Lair:2:   layout_cave_shapes
Lair:3:   layout_misc_corridors, skrybe_swamp_entry_bodies,
          spider_nest_entry_webs, nicolae_volcano_entry_batcave,
          chequers_serial_rivers_room_b
Lair:4:   pond_and_an_island_with_a_cottage, layout_cave_pods, pond, uniq_snorg,
          uniq_sonja
Lair:5:   layout_cave_pods, gauntlet_entry_generic,
          chequers_serial_rivers_micro_a
Lair:6:   gammafunk_lair_ancient_temple, layout_hall_layers,
          minmay_slime_entry_oklob_open
Swamp:1:  layout_falls_marsh, infiniplex_staircase_pool, uniq_nikola
Swamp:2:  layout_basic_swamp, lemuel_altar_in_water
Swamp:3:  layout_basic_swamp, nicolae_swamp_trees_clearing, swamp_pool2
Swamp:4:  swamp_vile, layout_basic_swamp
Spider:1: layout_chambers, special_room [special_room_bee]
Spider:2: cheibrodos_spider_silkery, drop_trap, nicolae_spider_ant_collections
Spider:3: layout_spider_delve, spiders_nest_spider_trap
Spider:4: guppyfry_spider_rune, guppyfry_spider_mini_2
Orc:1:    layout_caves, basic_altar, library_closet
Orc:2:    grunt_orc_cross, layout_caves
Elf:1:    eino_elf_arrival_altar, layout_geoelf_octagon, minivault_28,
          uniq_frances
Elf:2:    layout_onion_city, minivault_16, minmay_elf_necromancy
Elf:3:    elf_hall, layout_gridlike, grunt_ministairs_10, uniq_aizul,
          uniq_donald
Vaults:1: gammafunk_vaults_ghost_grave, hangedman_vaults_impose,
          ontoclasm_vaults_idyll, vaults_standard_mumra_enter_the_diamond,
          ontoclasm_vaults_ring_small, v_misc_5, nicolae_vaults_ninety_degrees,
          nicolae_vaults_specimen_jars, vaults_room_corners, vaults_dpeg_hooks,
          layout_vaults_omnigrid, serial_shops, shop_fountains
Vaults:2: minmay_crypt_entry_simple_plaza, ontoclasm_vaults_misaligned,
          nicolae_vaults_circle_grid_a, nicolae_vaults_angled_halls,
          hangedman_vaults_locks, nicolae_vaults_meeting, v_misc_25,
          nicolae_vaults_little_squares_3, v_rooms_4,
          vaults_mumra_minichess_inversion, v_misc_16, layout_vaults_omnicross
Vaults:3: v_misc_29, ontoclasm_vaults_hangar, v_misc_29,
          ontoclasm_vaults_shuriken, v_misc_18, nicolae_vaults_little_squares_3,
          layout_vaults_chaotic_city
Vaults:4: vaults_mumra_minichess, vaults_room_pools, vaults_room_hallway,
          v_misc_13, hangedman_vaults_unwind, v_misc_14, v_alt_pattern_1,
          ontoclasm_vaults_shout, hangedman_vaults_corner_blocks,
          ontoclasm_vaults_decontamination, v_misc_2, ontoclasm_vaults_fault,
          vaults_room_semicircle, layout_vaults_ring, uniq_frederick,
          uniq_bai_suzhen
Depths:1: layout_basic, grunt_hell_entry_demonic_statue, rand_demon_pan_entry_4,
          lemuel_flamethrower_hall, minmay_shop_grove, uniq_saint_roka
Depths:2: minmay_the_grid_triangle_9x9_recursive_3
          [minmay_the_grid_triangle_9x9_windchime,
          minmay_the_grid_triangle_9x9_minimal,
          minmay_the_grid_triangle_9x9_from_above,
          minmay_the_grid_triangle_9x9_prize_top_heavy,
          minmay_the_grid_triangle_9x9_wacky_v,
          minmay_the_grid_triangle_9x9_corrupted_corridor,
          minmay_the_grid_triangle_9x9_dagger,
          minmay_the_grid_triangle_9x9_warning,
          minmay_the_grid_triangle_9x9_empty], layout_basic, enter_ziggurat_a,
          serial_bayou_pond_d, hell_entry, serial_bayou_shore_a,
          infiniplex_staircase_spiral_double
Zig:13

Skill      XL: |  1  2  3  4  5  6  7  8  9 10 11 12 13 14 15 16 17 18 19 20 21 22 23 |
---------------+----------------------------------------------------------------------+-----
Long Blades    | 3 11 14 | 14.1
Dodging        | 2 9 11 | 11.9
Armour         | 2 3 4 5 6 8 9 11 13 14 15 | 15.6
Axes           | 2 3 5 6 8 9 11 12 13 14 15 16 17 18 | 18.0
Fighting       | 4 7 9 10 11 12 13 14 15 17 | 17.9
Maces & Flails | 1 |  1.6
Shields        | 2 6 7 9 13 15 16 19 20 | 20.5

Action                   |  1- 3 |  4- 6 |  7- 9 | 10-12 | 13-15 | 16-18 | 19-21 | 22-24 || total
-------------------------+-------+-------+-------+-------+-------+-------+-------+-------++-------
Melee: Falchion          |    94 |       |       |       |       |       |       |       ||    94
       War axe           |    31 |   171 |   410 |   580 |  1230 |  1592 |   532 |       ||  4546
       Whip              |       |       |    35 |    32 |    38 |    31 |    11 |    46 ||   193
       Mace              |       |       |       |       |       |     4 |       |       ||     4
       Broad axe         |       |       |       |       |       |       |  1081 |   850 ||  1931
       Scimitar          |       |       |       |       |       |       |    27 |    48 ||    75
Invok: Berserk           |       |       |     6 |    20 |    14 |    29 |    20 |    15 ||   104
       Trog's Hand       |       |       |     7 |    11 |    19 |    29 |    11 |    16 ||    93
       Brothers in Arms  |       |       |       |       |     2 |     6 |     4 |     1 ||    13
Evoke: Fan of gales      |       |       |       |       |       |       |       |     1 ||     1
  Use: Scroll            |     4 |     5 |    13 |     8 |    12 |     7 |    13 |    13 ||    75
       Potion            |       |     1 |       |     3 |    12 |     6 |     3 |    11 ||    36
 Stab: Distracted        |       |       |       |       |       |       |     1 |     1 ||     2
       Confused          |       |       |       |       |       |       |       |     6 ||     6
       Petrified         |       |       |       |       |       |       |       |     2 ||     2
  Eat: Ration            |     1 |     2 |     4 |    11 |    13 |    20 |    15 |     6 ||    72
       Chunk             |       |       |     8 |    11 |    18 |    14 |     6 |    21 ||    78
Armor: Animal skin       |    25 |       |       |       |       |       |       |       ||    25
       Chain mail        |    25 |   119 |   313 |   312 |       |       |       |       ||   769
       Plate armour      |       |       |       |   110 |   945 |  1598 |   688 |   639 ||  3980
Dodge: Dodged            |    96 |    90 |   212 |   310 |   450 |   702 |   401 |   508 ||  2769
Block: Buckler           |       |       |       |    62 |   352 |   410 |       |       ||   824
       Shield            |       |       |       |       |       |   160 |   979 |  1051 ||  2190
       Reflection        |       |       |       |       |       |       |    15 |    43 ||    58
       Rpst.: Falchion   |    17 |       |       |       |       |       |       |       ||    17
       Scimitar          |       |       |       |       |       |       |     5 |     3 ||     8

Table legend:
 A = Non-vault XP
 B = Vault XP
 C = Vault XP percentage of total XP
 D = Non-vault monster count
 E = Vault monster count
 F = Vault count percentage of total count
                 A         B        C        D         E       F
            +---------+---------+-------+---------+---------+-------
      Total |  655448 |  317977 |  32.7 |    1427 |     547 |  27.7
            +---------+---------+-------+---------+---------+-------
        D:1 |      58 |       0 |   0.0 |      25 |       0 |   0.0
        D:2 |      60 |       3 |   4.8 |      18 |       2 |  10.0
        D:3 |     129 |      32 |  19.9 |      21 |       4 |  16.0
        D:4 |     557 |       0 |   0.0 |      22 |       0 |   0.0
        D:5 |     528 |       2 |   0.4 |       9 |       2 |  18.2
        D:6 |     430 |     981 |  69.5 |      10 |      10 |  50.0
        D:7 |     657 |     200 |  23.3 |      21 |      11 |  34.4
        D:8 |    1080 |    1928 |  64.1 |      30 |      11 |  26.8
        D:9 |    2638 |       0 |   0.0 |      30 |       0 |   0.0
       D:10 |    2927 |     899 |  23.5 |      31 |       1 |   3.1
       D:11 |    8569 |     333 |   3.7 |      49 |       1 |   2.0
       D:12 |    9336 |   10688 |  53.4 |      47 |      20 |  29.9
       D:13 |   11707 |    1808 |  13.4 |      45 |       2 |   4.3
       D:14 |    9036 |       0 |   0.0 |      30 |       0 |   0.0
       D:15 |   11237 |    4384 |  28.1 |      28 |       9 |  24.3
     Lair:1 |    5095 |       0 |   0.0 |      15 |       0 |   0.0
     Lair:2 |    4579 |       0 |   0.0 |      15 |       0 |   0.0
     Lair:3 |    2843 |    1778 |  38.5 |      12 |       8 |  40.0
     Lair:4 |    2568 |    3636 |  58.6 |      12 |      13 |  52.0
     Lair:5 |    2272 |       0 |   0.0 |      12 |       0 |   0.0
     Lair:6 |    6557 |    9753 |  59.8 |      14 |      27 |  65.9
    Swamp:1 |   17375 |    3878 |  18.2 |      46 |       1 |   2.1
    Swamp:2 |   14321 |       0 |   0.0 |      33 |       0 |   0.0
    Swamp:3 |   11251 |       0 |   0.0 |      18 |       0 |   0.0
    Swamp:4 |   13106 |   19368 |  59.6 |      28 |      31 |  52.5
   Spider:1 |   13458 |    4143 |  23.5 |      38 |      26 |  40.6
   Spider:2 |   16295 |   10781 |  39.8 |      41 |      26 |  38.8
   Spider:3 |   13015 |    1903 |  12.8 |      28 |       7 |  20.0
   Spider:4 |   17048 |   23159 |  57.6 |      44 |      46 |  51.1
      Orc:1 |    2298 |       0 |   0.0 |      17 |       0 |   0.0
      Orc:2 |    5087 |    7263 |  58.8 |      34 |      32 |  48.5
      Elf:1 |    8366 |   13920 |  62.5 |      17 |      20 |  54.1
      Elf:2 |   12064 |   30361 |  71.6 |      20 |      42 |  67.7
      Elf:3 |   17950 |   46365 |  72.1 |      30 |      33 |  52.4
   Vaults:1 |   19702 |    9054 |  31.5 |      38 |      14 |  26.9
   Vaults:2 |   22078 |   24560 |  52.7 |      38 |      33 |  46.5
   Vaults:3 |   44960 |    4681 |   9.4 |      75 |       8 |   9.6
   Vaults:4 |   55238 |   27878 |  33.5 |      76 |      29 |  27.6
   Depths:1 |   31625 |    9996 |  24.0 |      46 |      29 |  38.7
   Depths:2 |   52223 |   33837 |  39.3 |      70 |      22 |  23.9
    Abyss:1 |   20500 |     739 |   3.5 |      21 |       1 |   4.5
    Abyss:3 |    8368 |    1820 |  17.9 |      17 |       2 |  10.5
    Abyss:4 |    1498 |       0 |   0.0 |       4 |       0 |   0.0
    Abyss:5 |    7662 |       0 |   0.0 |       5 |       0 |   0.0
        Pan |   14527 |    2074 |  12.5 |      16 |       6 |  27.3
      Zig:1 |    1006 |       0 |   0.0 |       2 |       0 |   0.0
      Zig:2 |    2469 |       0 |   0.0 |       3 |       0 |   0.0
      Zig:3 |    4763 |       0 |   0.0 |       3 |       0 |   0.0
      Zig:4 |    6208 |       0 |   0.0 |      13 |       0 |   0.0
      Zig:5 |   11956 |       0 |   0.0 |       4 |       0 |   0.0
      Zig:6 |    6825 |       0 |   0.0 |      12 |       0 |   0.0
      Zig:7 |   23640 |       0 |   0.0 |       6 |       0 |   0.0
      Zig:8 |    9463 |       0 |   0.0 |      15 |       0 |   0.0
      Zig:9 |    9860 |       0 |   0.0 |      16 |       0 |   0.0
     Zig:10 |   18055 |       0 |   0.0 |      12 |       0 |   0.0
     Zig:11 |   17127 |       0 |   0.0 |      19 |       0 |   0.0
     Zig:12 |   21198 |       0 |   0.0 |      26 |       0 |   0.0
    Volcano |       0 |    1293 | 100.0 |       0 |       3 | 100.0
   Gauntlet |       0 |    4479 | 100.0 |       0 |      15 | 100.0
            +---------+---------+-------+---------+---------+-------
